 Dungeon Sprint DCSS version 0.21.1-1-g345015f (webtiles) character file.

88 doot the Skirmisher (level 4, 0/45 HPs)
             Began as a Draconian Berserker on June 7, 2018.
             Was a Believer of Trog.
             Killed from afar by an orc wizard (12 damage)
             ... with an exploding inner flame
             ... hexed by the player character
             ... in the Dungeon (Sprint V: "Ziggurat Sprint").
             The game lasted 00:01:18 (102 turns).

doot the Skirmisher (Draconian Berserker)            Turns: 102, Time: 00:01:19

Health: 0/45       AC:  5    Str: 26    XL:     4   Next: 30%
Magic:  4/4        EV: 15    Int:  7    God:    Trog [**....]
Gold:   0          SH:  0    Dex: 17    Spells: 3/3 levels left

rFire    + + .     SeeInvis .   M - +7 great mace "Firestarter" {inner flame, rF++}
rCold    . . .     Gourm    .   (shield currently unavailable)
rNeg     . . .     Faith    .   (armour unavailable)
rPois    .         Spirit   .   (helmet restricted)
rElec    .         Reflect  .   (no cloak)
rCorr    .         Harm     .   (no gloves)
MR       .....     NoTele   +   (no boots)
Stlth    ++........             (no amulet)
HPRegen  0.15/turn              H - +6 ring of strength
MPRegen  0.09/turn              D - +6 ring of dexterity

@: no status effects
A: unfitting armour, cold-blooded, AC +5
a: Berserk, Trog's Hand, Burn Spellbooks, Renounce Religion


You were in the Dungeon.
You worshipped Trog.
Trog was pleased with you.
You were not hungry.

You visited 1 branch

Inventory:

Hand Weapons
 a - the +10 dark maul {crush}
   (You found it in the Dungeon)

   It inflicts extra damage upon your enemies.
 b - the +9 heavy crossbow "Sniper" {velocity, Acc+∞ SInv}
   (You found it in the Dungeon)

   Any bolt fired from it inflicts extra damage.
   It lets you see invisible.
 M - the +7 great mace "Firestarter" (weapon) {inner flame, rF++}
   (You found it in the Dungeon)

   It has been specially enchanted to burn those struck by it, causing extra
   injury to most foes and up to half again as much damage against particularly
   susceptible opponents.
   It greatly protects you from fire.
Missiles
 o - 1000 bolts
Armour
 h - a +5 crystal plate armour
 i - +5 fire dragon scales
 j - +5 gold dragon scales
 k - +5 ice dragon scales
 l - a +5 plate armour
 m - +5 shadow dragon scales
 n - +5 storm dragon scales
Jewellery
 D - a +6 ring of dexterity (right hand)
 E - a +6 ring of dexterity
 F - a +6 ring of intelligence
 G - a +6 ring of intelligence
 H - a +6 ring of strength (left hand)
 I - a +6 ring of strength
 N - the ring of Jiqeomas {rN+ Dex+2 Stlth+}
   (You found it in the Dungeon)

   [ring of positive energy]

   It affects your dexterity (+2).
   It protects you from negative energy.
   It makes you more stealthy.
Wands
 y - a wand of disintegration (7)
 B - a wand of iceblast (7)
 C - a wand of acid (7)
Scrolls
 g - 4 scrolls of blinking
 p - 7 scrolls of fog
 q - a scroll of holy word
 r - 5 scrolls of identify
 s - 5 scrolls of remove curse
 t - 2 scrolls of fear
Potions
 c - 10 potions of heal wounds
 d - 6 potions of haste
 e - 7 potions of magic
 f - 3 potions of berserk rage
 u - 2 potions of brilliance
 v - 2 potions of invisibility
 w - 4 potions of resistance
 x - a potion of experience
 z - 5 potions of agility
 A - 7 potions of might
 L - 10 potions of curing
Miscellaneous
 J - a lightning rod (4/4)
Comestibles
 K - 7 rations


   Skills:
 + Level 6.4 Fighting
 + Level 1.9 Maces & Flails
 + Level 5.0 Dodging
 + Level 5.4 Unarmed Combat


You had 3 spell levels left.
You didn't know any spells.

Dungeon Overview and Level Annotations

Branches:
Dungeon (1/1)

Altars:
Ashenzari
Cheibriados
Dithmenos
Elyvilon
Fedhas
Gozag
Hepliaklqana
Kikubaaqudgha
Makhleb
Nemelex Xobeh
Okawaru
Qazlal
Ru
Sif Muna
Trog
Uskayaw
Vehumet
Wu Jian
Xom
Yredelemnul
Zin
The Shining One
Beogh
Jiyva
Lugonu

Annotations:
D 1 transporter


Innate Abilities, Weirdness & Mutations

Your plain brown scales are hard. (AC +5)
You cannot fit into any form of body armour.
You are cold-blooded and may be slowed by cold attacks.


Message History

You barely miss the orc wizard. You tail-slap the orc wizard.
The orc wizard is moderately wounded.
The orc wizard hits you with the +7 flail of Gallantry {crush, +Inv}!
You barely miss the orc wizard. You tail-slap the orc wizard.
The orc wizard is heavily wounded.
The orc wizard casts a spell.
The orc wizard seems to speed up.
The orc wizard points at you and mumbles some strange words.
The magic dart hits you!
You hit the orc wizard. You burn the orc wizard.
The orc wizard is filled with an inner flame.
The orc wizard is almost dead.
The orc wizard closely misses you.
The orc wizard points at you and mumbles some strange words.
The magic dart hits you!
* * * LOW HITPOINT WARNING * * *
You sock the orc wizard! You burn the orc wizard.
The orc wizard explodes!
The fiery explosion engulfs you! You resist.
You die...

▓▓▓▓▓▓▓▓▓▓▓▓▓
▓.8©8.▓.8©8.▓
▓.[)|.▓.....▓
▓.....▓.....▓
▓§§§..▓.....▓
▓§§@..▓..)..▓
▓.§§..▓..©..▓
▓..©..▓▓▓▓▓▓▓
▓▓▓▓▓▓▓


There were no monsters in sight!

Vanquished Creatures
  2 orc priests (D)
  An orc wizard (D)
  An orc (D)
4 creatures vanquished.

Notes
Turn   | Place    | Note
-------+----------+-------------------------------------------
     0 | D        | Found the +6 Majin-Bo {vamp, Archmagi MP+6 Int+6}
     0 | D        | Found the +7 great mace "Firestarter" {inner flame, rF++}
     0 | D        | doot the Draconian Berserker began the quest for the Orb.
     0 | D        | Reached XP level 1. HP: 19/19 MP: 1/1
     3 | D        | Found a blossoming altar of Fedhas.
     4 | D        | Found a viscous altar of Jiyva.
     4 | D        | Found a hazy altar of Hepliaklqana.
     4 | D        | Found a transporter.
     4 | D        | Found an opulent altar of Gozag.
     4 | D        | Found an ancient bone altar of Kikubaaqudgha.
     4 | D        | Found a corrupted altar of Lugonu.
    11 | D        | Found a burning altar of Makhleb.
    12 | D        | Found a sacrificial altar of Ru.
    12 | D        | Found a stormy altar of Qazlal.
    12 | D        | Found a deep blue altar of Sif Muna.
    12 | D        | Found an iron altar of Okawaru.
    12 | D        | Found a bloodstained altar of Trog.
    12 | D        | Found a sparkling altar of Nemelex Xobeh.
    34 | D        | Found the +9 heavy crossbow "Sniper" {velocity, Acc+∞ SInv}
    34 | D        | Found the +10 dark maul {crush}
    34 | D        | Found the +15 Maxwell's patent armour {-Cast -Tele rElec MR+ rCorr}
    34 | D        | Found the +18 shield of the Gong {rElec rN+ MR+ EV-5}
    34 | D        | Found the cursed +14 obsidian axe {chop, +Fly SInv *Curse}
    36 | D        | Found the +6 shillelagh "Devastator" {shatter}
    36 | D        | Found the +11 plutonium sword {*Contam Stlth-}
    36 | D        | Found the +8 lance "Wyrmbane" {slay drac, rPois rF+ rC+ AC+3}
    36 | D        | Found the +9 sword of Zonguldrok {reap}
    36 | D        | Found the cursed +13 scythe of Curses {drain, *Curse}
    36 | D        | Found the +0 sword of Power
    36 | D        | Found the -4 mace of Variability {chaos}
    36 | D        | Found the +7 Singing Sword
    36 | D        | Found the +7 longbow "Piercer" {penet, EV-2}
    44 | D        | Entered arena 2.
    44 | D        | Noticed an orc priest
    44 | D        | Found a transporter.
    47 | D        | Killed an orc priest
    47 | D        | Reached skill level 5 in Fighting
    47 | D        | Reached skill level 1 in Maces & Flails
    47 | D        | Reached XP level 2. HP: 29/29 MP: 2/2
    47 | D        | Reached XP level 3. HP: 36/36 MP: 3/3
    56 | D        | Got the ring of Jiqeomas {rN+ Dex+2 Stlth+}
    92 | D        | Entered arena 3.
    92 | D        | Found a transporter.
    96 | D        | Reached ** piety under Trog
    96 | D        | Reached skill level 5 in Unarmed Combat
    98 | D        | Reached skill level 6 in Fighting
    98 | D        | Reached skill level 5 in Dodging
    98 | D        | Reached XP level 4. HP: 30/45 MP: 4/4
   102 | D        | Killed from afar by an orc wizard

Skill      XL: |  1  2  3 |
---------------+----------+-----
Dodging        | 4 5 |  5.0
Fighting       | 5 6 |  6.4
Maces & Flails | 1 |  1.9
Unarmed Combat | 4 5 |  5.4

Action                   |  1- 3 |  4- 6 || total
-------------------------+-------+-------++-------
Melee: Great mace        |     6 |     4 ||    10
       Tailslap          |     1 |     2 ||     3
Invok: Berserk           |     1 |       ||     1
Armor: Skin              |     1 |       ||     1
Dodge: Dodged            |     5 |     1 ||     6
